 Dungeon Crawl Stone Soup version 0.22.1-2-g9c5b331 (webtiles) character file.

60 Labyrinth the Stinger (level 3, 0/26 HPs)
             Began as a Draconian Venom Mage on Nov 19, 2018.
             Slain by a necrophage (2 damage)
             ... on level 3 of the Dungeon.
             The game lasted 00:15:46 (1741 turns).

Labyrinth the Stinger (Draconian Venom Mage)        Turns: 1741, Time: 00:15:46

Health: 0/26       AC:  5    Str:  8 (10) XL:     3   Next: 80%
Magic:  15/15      EV: 12    Int: 14 (16) God:
Gold:   98         SH:  0    Dex: 15 (16) Spells: 1/7 levels left

rFire    . . .     SeeInvis .   l - +1 short sword
rCold    . . .     Gourm    .   (no shield)
rNeg     . . .     Faith    .   (armour unavailable)
rPois    .         Spirit   .   (helmet restricted)
rElec    .         Reflect  .   (no cloak)
rCorr    .         Harm     .   (no gloves)
MR       .....                  (no boots)
Stlth    ++........             (no amulet)
HPRegen  0.08/turn              p - +5 ring of dexterity
MPRegen  0.14/turn              m - ring of magical power

@: no status effects
A: unfitting armour, cold-blooded, AC +5
a: no special abilities


You were on level 3 of the Dungeon.
You were not hungry.

You visited 1 branch of the dungeon, and saw 3 of its levels.

You collected 98 gold pieces.

Inventory:

Hand Weapons
 c - a +0 club
 g - a +0 club
 j - a +0 dagger
 l - a +1 short sword (weapon)
Missiles
 k - 23 stones (quivered)
 o - 12 poisoned needles
Jewellery
 f - an uncursed ring of ice
 m - a ring of magical power (right hand)
 n - an uncursed ring of protection from fire
 p - a +5 ring of dexterity (left hand)
Comestibles
 b - 2 rations


   Skills:
 + Level 0.5 Maces & Flails
 + Level 2.0 Dodging
 + Level 2.1 Stealth
 + Level 2.5 Spellcasting
 + Level 1.5 Conjurations
 + Level 0.4 Air Magic
 + Level 3.6 Poison Magic


You had one spell level left.
You knew the following spells:

 Your Spells              Type           Power        Failure   Level  Hunger
a - Sting                 Conj/Pois      #...         8%          1    #......
b - Poisonous Vapours     Pois/Air       #.....       14%         2    ###....
c - Mephitic Cloud        Conj/Pois/Air  #.......     30%         3    ###....

Your spell library contained the following spells:

 Spells                   Type           Power        Failure   Level  Hunger
 Olgreb's Toxic Radiance  Pois           ##......     45%         4    #####..
 Venom Bolt               Conj/Pois      #.........   91%         5    ######.


Dungeon Overview and Level Annotations

Branches:
Dungeon (3/15)

Altars:


Innate Abilities, Weirdness & Mutations

Your plain brown scales are hard. (AC +5)
You cannot fit into any form of body armour.
You are cold-blooded and may be slowed by cold attacks.


Message History

2 orcs come into view.
An orc wizard comes into view. It is wielding a dagger.
The orc shouts!
The orc wizard shouts!
The orc shouts!
An orc comes into view. It is wielding a dagger.
The orc shouts!
All of the chunks of flesh in your inventory have rotted away.
You closely miss the orc. The orc closely misses you.
The necrophage barely misses you.
You hit the orc.
The orc is heavily wounded.
The necrophage hits you.
* * * LOW HITPOINT WARNING * * *
You closely miss the orc. The necrophage hits you.
* * * LOW HITPOINT WARNING * * *
The orc hits you with a club.
* * * LOW HITPOINT WARNING * * *
You hit the orc.
The orc is severely wounded.
The necrophage hits you.
You die...

#.###†.#############
#. #........).....#
#. #..###########.#
## #..# #.# #..# #.#
#..###########.#
#..##..........#
...##n########## #.#
#@# #o#


oo# ..o. ##.## #. #. #. You could see a necrophage, an orc wizard and 3 orcs.

Vanquished Creatures
  An ooze (D:2)
  2 worms (D:2)
  2 dart slugs (D:2)
  2 leopard geckos (D:2)
  A ball python (D:2)
  5 bats
  2 giant cockroaches (D:1)
  4 goblins
  6 hobgoblins
  3 jackals (D:1)
  4 frilled lizards
  4 kobolds
  3 rats
39 creatures vanquished.

Notes
Turn   | Place    | Note
-------+----------+-------------------------------------------
     0 | D:1      | Labyrinth the Draconian Venom Mage began the quest for the
                  | Orb.
     0 | D:1      | Reached XP level 1. HP: 14/14 MP: 3/3
   229 | D:1      | Reached XP level 2. HP: 2/20 MP: 0/5
   229 | D:1      | HP: 1/20 [giant cockroach (1)]
   258 | D:1      | Learned a level 2 spell: Poisonous Vapours
   994 | D:2      | Reached XP level 3. HP: 26/26 MP: 0/6
   999 | D:2      | Learned a level 3 spell: Mephitic Cloud
  1307 | D:2      | Noticed a necrophage
  1741 | D:3      | Slain by a necrophage

Skill      XL: |  1  2  3 |
---------------+----------+-----
Stealth        | 2 |  2.1
Dodging        | 2 |  2.0
Maces & Flails | |  0.5
Spellcasting   | |  2.5
Conjurations   | |  1.5
Air Magic      | |  0.4
Poison Magic   | |  3.6

Action                   || total
-------------------------++-------
Melee: Club              ||    41
       Tailslap          ||    10
       Dagger            ||     6
       Short sword       ||    33
 Cast: Sting             ||    45
       Poisonous Vapours ||     4
  Use: Potion            ||     4
       Scroll            ||     1
 Stab: Sleeping          ||     2
  Eat: Ration            ||     1
Armor: Skin              ||    28
Dodge: Dodged            ||    88
